 Dungeon Crawl Stone Soup version 0.26.1-2-gb8aa6d0cf2 (webtiles) character file.

Game seed: 11517241732757561311

211989 Cykl0x the Peltast (level 18, -1/161 HPs)
             Began as a Minotaur Fighter on Mar 8, 2021.
             Was the Champion of the Shining One.
             Killed from afar by a spark wasp (8 damage)
             ... with a living lightning
             ... on level 3 of the Spider Nest on Mar 9, 2021.
             The game lasted 01:18:15 (40078 turns).

Cykl0x the Peltast (Minotaur Fighter)              Turns: 40078, Time: 01:18:16

Health: -1/161     AC: 24    Str: 28    XL:     18   Next: 23%
Magic:  27/27      EV: 12    Int:  5    God:    the Shining One [******]
Gold:   2571       SH: 21    Dex: 11    Spells: 17/17 levels left

rFire    + . .     SeeInvis .   l - +5 scimitar (freeze)
rCold    + + .     Faith    .   c - +1 kite shield
rNeg     + + +     Spirit   .   T - +2 plate armour {rC+}
rPois    +         Reflect  +   (helmet restricted)
rElec    .         Harm     .   p - scarf {rC+ rF+}
rCorr    +         Rampage  .   V - +2 pair of gloves
Will     +....                  n - +0 pair of boots "Rawkesio" {rN+}
Stlth    ..........             M - amulet of reflection
HPRegen  0.36/turn              q - ring of poison resistance
MPRegen  0.20/turn              S - ring of resist corrosion

@: glowing
A: retaliatory headbutt, horns 2
}: 1/15 runes: decaying
a: Renounce Religion, Divine Shield, Cleansing Flame, Summon Divine Warrior,
Brand Weapon With Holy Wrath


You were on level 3 of the Spider Nest.
You worshipped the Shining One.
The Shining One was exalted by your worship.
You visited 6 branches of the dungeon, and saw 32 of its levels.
You also visited: Sewer, Ossuary, Bailey and Volcano.

You collected 3534 gold pieces.
You spent 963 gold pieces at shops.

Inventory:

Hand Weapons
 l - a +5 scimitar of freezing (weapon)
 Q - a +3 scimitar of flaming
Missiles
 g - 6 boomerangs of dispersal
 v - 79 boomerangs (quivered)
 x - 8 silver javelins
 J - 6 javelins
 R - 11 silver boomerangs
Armour
 c - a +1 kite shield (worn)
 n - the +0 pair of boots "Rawkesio" (worn) {rN+}
   (You bought it in a shop on level 2 of the Orcish Mines)

   It protects you from negative energy.
 p - a scarf of resistance (worn)
 T - a +2 plate armour of cold resistance (worn)
 V - a +2 pair of gloves (worn)
Jewellery
 a - an uncursed ring of ice
 e - the amulet of Biahief {Faith *Drain rElec rF++ Str+2}
   (You found it on level 6 of the Lair of Beasts)

   [amulet of faith]

   It allows you to gain divine favour quickly.
   It affects your strength (+2).
   It greatly protects you from fire.
   It insulates you from electricity.
   It causes draining when unequipped.
 q - a ring of poison resistance (left hand)
 H - an uncursed ring of flight
 M - an amulet of reflection (around neck)
 N - an uncursed ring of protection from cold
 S - a ring of resist corrosion (right hand)
 Y - a +6 ring of strength
Wands
 o - a wand of digging (20)
 u - a wand of polymorph (27)
 B - a wand of flame (13)
 D - a wand of disintegration (78)
 K - a wand of paralysis (28)
 P - a wand of iceblast (23)
 X - a wand of acid (9)
Scrolls
 h - 3 scrolls of enchant weapon
 t - 15 scrolls of teleportation
 w - 3 scrolls of blinking
 y - 3 scrolls of enchant armour
 A - 16 scrolls of remove curse
 C - 6 scrolls of fog
 E - 19 scrolls of identify
 G - 4 scrolls of fear
 I - 8 scrolls of amnesia
 L - 3 scrolls of magic mapping
 U - a scroll of silence
 W - a scroll of holy word
Potions
 b - 3 potions of mutation
 d - 5 potions of might
 f - 3 potions of flight
 i - 16 potions of heal wounds
 j - 23 potions of curing
 k - 12 potions of magic
 m - 4 potions of ambrosia
 r - 9 potions of haste
 s - a potion of cancellation
 z - 5 potions of brilliance
 F - 2 potions of resistance
 O - 3 potions of berserk rage


   Skills:
 + Level 14.7 Fighting
 + Level 1.0(10.4) Short Blades
 + Level 16.6 Long Blades
 + Level 13.1 Throwing
 + Level 14.9 Armour
 + Level 9.1 Dodging
 + Level 0.4 Stealth
 + Level 16.8 Shields
 + Level 13.5 Invocations
 + Level 0.5 Evocations


You had 17 spell levels left.
You didn't know any spells.
Your spell library contained the following spells:

 Spells                   Type           Power        Failure   Level
 Animate Skeleton         Necr           0%           97%         1
 Apportation              Tloc           0%           97%         1
 Beastly Appendage        Tmut           0%           97%         1
 Corona                   Hex            0%           97%         1
 Magic Dart               Conj           0%           97%         1
 Sandblast                Erth           0%           97%         1
 Summon Small Mammal      Summ           0%           97%         1
 Blink                    Tloc           N/A          99%         2
 Call Imp                 Summ           0%           99%         2
 Ensorcelled Hibernation  Hex/Ice        0%           99%         2
 Passwall                 Tmut/Erth      0%           99%         2
 Searing Ray              Conj           0%           99%         2
 Slow                     Hex            0%           99%         2
 Wereblood                Tmut           0%           99%         2
 Confusing Touch          Hex            0%           100%        3
 Conjure Flame            Conj/Fire      0%           100%        3
 Dazzling Flash           Conj/Hex       0%           100%        3
 Gell's Gravitas          Tloc           0%           100%        3
 Ignite Poison            Fire/Tmut/Pois 0%           100%        3
 Lesser Beckoning         Tloc           0%           100%        3
 Mephitic Cloud           Conj/Pois/Air  0%           100%        3
 Spider Form              Tmut/Pois      0%           100%        3
 Stone Arrow              Conj/Erth      0%           100%        3
 Tukima's Dance           Hex            0%           100%        3
 Fulminant Prism          Conj/Hex       0%           100%        4
 Ice Form                 Ice/Tmut       0%           100%        4
 Iskenderun's Mystic Bla  Conj/Tloc      0%           100%        4
 Petrify                  Tmut/Erth      0%           100%        4
 Alistair's Intoxication  Tmut/Pois      0%           100%        5
 Blade Hands              Tmut           0%           100%        5
 Lee's Rapid Deconstruct  Erth           0%           100%        5
 Metabolic Englaciation   Hex/Ice        0%           100%        5
 Silence                  Hex/Air        0%           100%        5
 Yara's Violent Unravell  Hex/Tmut       0%           100%        5
 Invisibility             Hex            0%           100%        6
 Discord                  Hex            0%           100%        8


Dungeon Overview and Level Annotations

Branches:
Dungeon (15/15)            Temple (1/1) D:6            Lair (6/6) D:8
  Swamp (4/4) Lair:2       Spider (4/4) Lair:3        Slime (0/5) Lair:6
    Orc (2/2) D:9             Elf (0/3) Orc:2        Vaults (0/5) D:14
 Depths (0/5) D:15          Sewer (visited)         Ossuary (visited)
 Bailey (visited)         Volcano (visited)

Altars:
Ashenzari
Dithmenos
Elyvilon
Fedhas
Gozag
Hepliaklqana
Kikubaaqudgha
Makhleb
Nemelex Xobeh
Okawaru
Qazlal
Sif Muna
Vehumet
Wu Jian
Xom
Yredelemnul
Zin
The Shining One
Beogh
Jiyva

Shops:
D:9 !   Orc:2 *[[=(


Innate Abilities, Weirdness & Mutations

You reflexively headbutt those who attack you in melee.
You have a pair of horns on your head.


Message History

You feel much better. You block the soldier ant's attack.
You closely miss the spark wasp. You headbutt the spark wasp.
The spark wasp is almost dead.
You block the spark wasp's attack.
You hit the spark wasp but do no damage.
The spark wasp is almost dead.
The spark wasp stings you!!
* * * LOW HITPOINT WARNING * * *
The spark wasp shocks you!
* * * LOW HITPOINT WARNING * * *
The soldier ant waves its antennae.
You block the soldier ant's attack.
You hit the spark wasp. You freeze the spark wasp.
You headbutt the spark wasp, but do no damage.
The spark wasp is almost dead.
The spark wasp bursts into living lightning!
The living lightning hits you.
* * * LOW HITPOINT WARNING * * *
The living lightning hits you!
You die...

....#..........#.≈###
....#..^............#
.......>............#
^.......#...........#
...................≈#
...................##
....^.....^.....#≈#≈#
.....#.......^.B...##
...............y@.##
...........#......#
.......#^..#......#
^...#............##
................##
....^.^.........#
..#≈##........#≈#
....^..##≈#..####
^..........###


You could see a spark wasp and a soldier ant.

Vanquished Creatures
  the Lernaean hydra (Swamp:4)
  Nikola (Lair:3)
  Arachne (Spider:2)
  Rupert (D:13)
  Jorgrun (D:13)
  Frances (D:13)
  Roxanne (D:15)
  A fenstrider witch (Swamp:2)
  2 ghost moths (Spider:3)
  The ghost of Richi the Thaumaturge, a journeyman GnIE of Vehumet (D:13)
  3 orc warlords
  6 entropy weavers
  A red draconian (Volcano)
  4 bunyips
  2 dire elephants (Lair:6)
  3 spark wasps
  3 eleionomae
  Harold (D:9)
  A fire dragon (Lair:6)
  An ogre mage (D:14)
  5 vault guards (D:14)
  A boulder beetle (D:15)
  A ghost crab (Swamp:4)
  A catoblepas (Lair:6)
  18 hydras
  5 centaur warriors
  6 two-headed ogres
  4 death yaks (Lair:5)
  6 alligators
  An orc high priest (Orc:1)
  A tengu warrior (D:15)
  A vampire mage (D:15)
  Urug (Lair:2)
  Sonja (D:13)
  2 skeletal warriors (D:15)
  A deep elf knight (D:14)
  A fire crab (Lair:5)
  4 goliath frogs (Swamp:1)
  A spark wasp zombie (D:15)
  6 bog bodies
  11 swamp dragons
  A wizard (D:14)
  5 spriggan druids
  7 orc knights (Orc:2)
  2 lindwurms (Lair:6)
  15 orb spiders
  A necromancer (D:15)
  15 wolf spiders
  2 will-o-the-wisps
  A deep elf mage (D:12)
  13 ugly things
  2 manticores (Lair:6)
  3 cyclopes
  7 black mambas
  2 guardian serpents (shapeshifter) (D:15)
  6 elephants (Lair:5)
  A spriggan zombie (D:15)
  A moth of wrath (Spider:3)
  2 torpor snails (Lair:2)
  2 gargoyles (D:12)
  A molten gargoyle (Volcano)
  13 cane toads
  Maggie (D:10)
  8 rime drakes
  2 kobold demonologists
  13 demonic crawlers
  12 komodo dragons
  2 efreet
  3 yaktaurs
  A tengu conjurer (D:15)
  A freezing wraith (D:15)
  5 trolls
  3 meliai (Spider:3)
  25 jumping spiders
  7 tyrant leeches
  11 dream sheep
  32 blink frogs
  6 hornets
  Prince Ribbit (D:5)
  2 polar bears
  7 slime creatures
  The ghost of smzp the Shield-Bearer, an amateur GrFi (D:4)
  A deep troll zombie (D:15)
  A meliai zombie (D:13)
  Sigmund (D:5)
  53 redbacks
  25 tarantellas
  5 spriggans
  6 wyverns
  A vampire (D:15)
  4 wraiths
  37 yaks
  Eustachio (D:5)
  5 fire bats (Volcano)
  4 basilisks
  10 vampire mosquitoes
  4 steam dragons
  16 swamp worms
  14 soldier ants
  2 acid dragons
  12 wargs
  14 water moccasins
  50 orc warriors
  2 ice beasts
  3 sky beasts
  8 swamp drakes
  A phantom (D:12)
  4 black bears
  2 necrophages
  A boggart (D:12)
  An eye of draining (D:12)
  9 wolves
  20 ogres
  6 centaurs
  10 big kobolds
  13 bullfrogs
  A gnoll sergeant (D:8)
  12 scorpions
  7 killer bees
  8 wights
  A howler monkey (D:4)
  7 electric eels
  5 centaur zombies
  5 lava snakes (Volcano)
  3 human zombies
  5 jellies
  A bullfrog zombie (D:9)
  6 centaur skeletons
  14 orc priests
  2 hounds
  2 bullfrog skeletons
  3 gnoll shamans (D:7)
  Ijyb (D:4)
  5 iguanas
  18 orc wizards
  18 worker ants
  6 hell rats (Lair:1)
  2 big kobold zombies (Ossuary)
  A bullfrog simulacrum (D:12)
  A hound zombie (D:7)
  3 mummies (Ossuary)
  3 worker ant zombies
  35 gnolls
  A howler monkey skeleton (D:4)
  5 scorpion zombies (Ossuary)
  17 adders
  2 river rats (Sewer)
  4 white imps
  2 ufetubi
  7 oozes
  An adder zombie (D:8)
  5 worms
  A dart slug (D:1)
  9 leopard geckos
  128 orcs
  3 ball pythons (Sewer)
  A bat zombie (D:7)
  9 giant cockroaches
  11 goblins
  14 hobgoblins
  10 jackals
  31 kobolds
  4 quokkas
  9 bats
  4 frilled lizards
  A goblin zombie (Ossuary)
  5 hobgoblin zombies (Ossuary)
  5 kobold zombies (Ossuary)
  2 quokka skeletons
  A quokka zombie (D:6)
  9 rats
1181 creatures vanquished.

Vanquished Creatures (collateral kills)
  The ghost of Sede the Severer, a journeyman HOFi of Okawaru (Lair:6)
  A ghost moth (Spider:1)
  A death ooze (Lair:6)
  A catoblepas (D:13)
  A wolf spider (Spider:1)
  An orb spider (Spider:1)
  2 jumping spiders (Spider:1)
  3 redbacks (Spider:1)
  A centaur (Volcano)
  A wight (D:13)
  2 jellies (Lair:6)
15 creatures vanquished.

Vanquished Creatures (others)
  A bunyip (Swamp:4)
  A hydra (Swamp:4)
  2 bloated husks
  2 redbacks
  A soldier ant (Spider:4)
  2 foxfires (Swamp:2)
  22 fungi
  103 plants
  6 withered plants (D:15)
140 creatures vanquished.

Grand Total: 1336 creatures vanquished

Notes
Turn   | Place    | Note
-------+----------+-------------------------------------------
     0 | D:1      | Cykl0x the Minotaur Fighter began the quest for the Orb.
     0 | D:1      | Reached XP level 1. HP: 19/19 MP: 0/0
   156 | D:1      | Reached XP level 2. HP: 27/27 MP: 1/1
   284 | D:1      | Reached skill level 1 in Dodging
  1060 | D:2      | Reached XP level 3. HP: 31/33 MP: 2/2
  1180 | D:2      | Found an iron altar of Okawaru.
  1665 | D:2      | Reached XP level 4. HP: 39/40 MP: 3/3
  2253 | D:3      | Found a glowing drain.
  2260 | Sewer    | Entered a sewer
  2335 | Sewer    | Reached skill level 1 in Throwing
  2726 | Sewer    | Noticed a big kobold
  2734 | Sewer    | Reached XP level 5. HP: 46/46 MP: 4/4
  2973 | Sewer    | Reached skill level 5 in Shields
  2973 | Sewer    | Reached XP level 6. HP: 53/53 MP: 5/5
  3313 | Sewer    | Reached XP level 7. HP: 57/60 MP: 4/6
  3418 | D:3      | Found an ornate altar of the Wu Jian Council.
  3636 | D:3      | Found a blossoming altar of Fedhas.
  4105 | D:4      | Reached skill level 5 in Long Blades
  4143 | D:4      | Reached skill level 5 in Armour
  4300 | D:4      | Found a shadowy altar of Dithmenos.
  4339 | D:4      | Found a large runed translucent door.
  4339 | D:4      | Found a large runed translucent door.
  4347 | D:4      | Noticed smzp's ghost (amateur GrFi)
  4419 | D:4      | Noticed Ijyb
  4429 | D:4      | Killed Ijyb
  5202 | D:4      | Killed smzp's ghost
  5203 | D:4      | Reached skill level 5 in Fighting
  5203 | D:4      | Reached XP level 8. HP: 44/68 MP: 3/7
  5381 | D:5      | Entered Level 5 of the Dungeon
  5571 | D:5      | Noticed Eustachio
  5599 | D:5      | Killed Eustachio
  6198 | D:5      | Noticed Sigmund
  6210 | D:5      | Killed Sigmund
  6211 | D:5      | Reached skill level 5 in Dodging
  6242 | D:5      | Noticed Prince Ribbit
  6251 | D:5      | Killed Prince Ribbit
  6585 | D:6      | Reached XP level 9. HP: 59/74 MP: 5/8
  6615 | D:6      | Found a staircase to the Ecumenical Temple.
  6625 | Temple   | Entered the Ecumenical Temple
  6657 | Temple   | Became a worshipper of the Shining One
  6792 | D:6      | Found a radiant altar of Vehumet.
  6813 | D:6      | Found a sand-covered staircase.
  6829 | Ossuary  | Entered an ossuary
  6872 | Ossuary  | Reached * piety under the Shining One
  6877 | Ossuary  | Reached skill level 1 in Invocations
  7008 | Ossuary  | Reached ** piety under the Shining One
  7354 | D:6      | Found a hazy altar of Hepliaklqana.
  7458 | D:6      | Found a white marble altar of Elyvilon.
  8028 | D:7      | Reached XP level 10. HP: 84/84 MP: 11/11
  8305 | D:7      | Found an ancient bone altar of Kikubaaqudgha.
  8321 | D:7      | Reached *** piety under the Shining One
  8412 | D:7      | You fall into a shaft and drop 1 floor!
  8591 | D:8      | Found a burning altar of Makhleb.
  8740 | D:8      | Noticed a two-headed ogre
  8748 | D:8      | Killed a two-headed ogre
  9049 | D:8      | Found a staircase to the Lair.
  9059 | D:8      | Reached skill level 10 in Long Blades
  9207 | D:8      | Found a shimmering blue altar of Sif Muna.
  9626 | D:9      | Reached skill level 5 in Throwing
  9701 | D:9      | Found a staircase to the Orcish Mines.
  9729 | D:9      | Found Distrekli's Distillery.
  9742 | D:9      | Bought a potion of heal wounds for 65 gold pieces
  9742 | D:9      | Bought a potion of berserk rage for 65 gold pieces
  9742 | D:9      | Bought a potion of heal wounds for 65 gold pieces
  9742 | D:9      | Bought a potion of heal wounds for 65 gold pieces
  9822 | D:9      | Noticed Harold
  9836 | D:9      | Killed Harold
 10043 | D:10     | Entered Level 10 of the Dungeon
 10088 | D:10     | Found a flagged portal.
 10115 | Bailey   | Entered a bailey
 10318 | Bailey   | Reached **** piety under the Shining One
 11118 | D:10     | Reached XP level 11. HP: 92/92 MP: 13/13
 11246 | D:10     | Noticed Maggie
 11247 | D:10     | Reached skill level 10 in Shields
 11247 | D:10     | Reached XP level 12. HP: 103/103 MP: 13/15
 11254 | D:10     | Killed Maggie
 12401 | D:11     | Reached ***** piety under the Shining One
 13593 | D:12     | Noticed a two-headed ogre
 13593 | D:12     | Noticed a centaur warrior
 13596 | D:12     | Killed a two-headed ogre
 13600 | D:12     | Killed a centaur warrior
 13647 | D:12     | Found a sparkling altar of Nemelex Xobeh.
 13653 | D:12     | Reached skill level 10 in Armour
 13655 | D:12     | Noticed a six-headed hydra
 13668 | D:12     | Killed a six-headed hydra
 13803 | D:12     | Reached XP level 13. HP: 111/111 MP: 17/17
 13924 | D:12     | Identified the Disquisition on Shape Shifting and Beguiling
 13981 | D:12     | Reached skill level 1 in Short Blades
 14616 | D:13     | You fall into a shaft and drop 2 floors!
 14616 | D:15     | Entered Level 15 of the Dungeon
 14617 | D:15     | Identified Roxanne's Incunabulum of Clay
 14617 | D:15     | Noticed Roxanne
 14682 | D:15     | Reached skill level 10 in Fighting
 15058 | D:13     | Noticed Rupert
 15081 | D:13     | Killed Rupert
 15174 | D:13     | Noticed Frances
 15188 | D:13     | Killed Frances
 15236 | D:13     | Noticed Jorgrun
 15248 | D:13     | Killed Jorgrun
 15657 | D:13     | Found a runed translucent gate.
 15658 | D:13     | Found a runed translucent gate.
 15659 | D:13     | Found a runed translucent gate.
 15660 | D:13     | Noticed Richi's ghost (journeyman GnIE)
 15704 | D:13     | Killed Richi's ghost
 15845 | D:13     | Noticed Sonja
 15851 | D:13     | Killed Sonja
 15880 | D:13     | Got a twisted scale mail
 15890 | D:13     | Identified the +2 scale mail "Jasext" {rF- Str+6 Dex+10}
                  | (You found it on level 13 of the Dungeon)
 16268 | D:14     | Reached XP level 14. HP: 85/124 MP: 20/20
 16309 | D:14     | Found a gate to the Vaults.
 17117 | D:15     | Reached skill level 10 in Invocations
 17119 | D:15     | Found a staircase to the Depths.
 17246 | D:15     | Reached ****** piety under the Shining One
 17912 | D:15     | Killed Roxanne
 18301 | Lair:1   | Entered Level 1 of the Lair of Beasts
 18641 | Lair:1   | Found a sparkling altar of Nemelex Xobeh.
 19097 | Lair:1   | Found the +8 whip "Snakebite" {curare, rPois}
 19355 | Lair:2   | Noticed Urug
 19364 | Lair:2   | Killed Urug
 19561 | Lair:2   | Reached skill level 15 in Long Blades
 20209 | Lair:2   | Found a staircase to the Swamp.
 20681 | Lair:3   | Reached XP level 15. HP: 133/133 MP: 22/22
 20831 | Lair:3   | Found a hole to the Spider Nest.
 21241 | Lair:4   | Found a dark tunnel.
 21246 | Volcano  | Entered a volcano
 21448 | Volcano  | Found a radiant altar of Vehumet.
 23713 | Lair:5   | Reached skill level 10 in Throwing
 24156 | Lair:6   | Entered Level 6 of the Lair of Beasts
 24791 | Lair:6   | Found a runed translucent gate.
 24792 | Lair:6   | Found a runed translucent gate.
 24793 | Lair:6   | Found a runed translucent gate.
 24797 | Lair:6   | Found a viscous altar of Jiyva.
 24797 | Lair:6   | Noticed Sede's ghost (journeyman HOFi)
 24830 | Lair:6   | Got a translucent sapphire amulet
 24896 | Lair:6   | Found a staircase to the Slime Pits.
 26242 | Lair:6   | Killed Sede's ghost
 26243 | Lair:6   | Reached XP level 16. HP: 129/143 MP: 7/24
 26514 | Orc:1    | Entered Level 1 of the Orcish Mines
 27523 | Orc:2    | Entered Level 2 of the Orcish Mines
 28183 | Orc:2    | Found a staircase to the Elven Halls.
 28190 | Orc:2    | Found Xoerail's Weapon Boutique.
 28301 | Orc:2    | Found Jearuhel's Armour Emporium.
 28369 | Orc:2    | Found Odwiferph's Jewellery Shop.
 28492 | Orc:2    | Bought an uncursed amulet of reflection for 390 gold pieces
 28492 | Orc:2    | Identified the amulet of Biahief {Faith *Drain rElec rF++
                  | Str+2} (You found it on level 6 of the Lair of Beasts)
 28514 | Orc:2    | Found a roughly hewn altar of Beogh.
 28534 | Orc:2    | Found Aquapho's Antique Armour Shop.
 28666 | Orc:2    | Found Denan's Assorted Antiques.
 28701 | Orc:2    | Bought a pair of polished boots for 313 gold pieces
 28706 | Orc:2    | Identified the +0 pair of boots "Rawkesio" {rN+} (You
                  | bought it in a shop on level 2 of the Orcish Mines)
 29106 | Swamp:1  | Entered Level 1 of the Swamp
 31651 | Swamp:3  | Found an opulent altar of Gozag.
 31929 | Swamp:4  | Entered Level 4 of the Swamp
 32060 | Swamp:4  | Reached XP level 17. HP: 71/151 MP: 22/25
 32074 | Swamp:4  | Reached skill level 15 in Shields
 32584 | Swamp:4  | Noticed the 27-headed Lernaean hydra
 32605 | Swamp:4  | Killed the 22-headed Lernaean hydra
 33082 | Swamp:4  | Got a decaying rune of Zot
 33611 | Spider:1 | Entered Level 1 of the Spider Nest
 33611 | Spider:1 | Noticed Nikola
 33632 | Lair:3   | Killed Nikola
 34203 | Spider:1 | Got a translucent chain mail
 34213 | Spider:1 | Identified the +3 chain mail "Perargheo" {rN+} (You found
                  | it on level 1 of the Spider Nest)
 36052 | Spider:2 | Noticed Arachne
 36087 | Spider:2 | Killed Arachne
 38066 | Spider:3 | Reached XP level 18. HP: 155/161 MP: 27/27
 38591 | Spider:4 | Entered Level 4 of the Spider Nest
 40077 | Spider:3 | HP: 8/161 [spark wasp (13)]
 40078 | Spider:3 | Killed from afar by a spark wasp

Illustrated notes

Levels and vault maps discovered:
D:1:      matt_arrival_spirals, layout_loops_ring, kennysheep_flooded_box,
          minivault_24, lemuel_old_faithful
D:2:      layout_basic, okawaru_gym_becter, minmay_3d_cube
D:3:      layout_loops_ring, fedhas_altar_3, nicolae_overflow_crystal_walls,
          gup_sewer_entry_pipe
D:4:      layout_basic, ebering_ghost_disaster_area,
          corexii_item_surrounded_by_moat, nicolae_dithmenos_the_darkroom,
          uniq_ijyb
D:5:      layout_loops_ring, uniq_prince_ribbit1, uniq_eustachio, uniq_sigmund
D:6:      layout_basic, kennysheep_mini_moat, nicolae_overflow_hidden_temple,
          minmay_temple_entry_ruins, basic_altar, nicolae_ossuary_entry_ruins
D:7:      kennysheep_seaside_town, layout_cave_pools,
          lemuel_zombie_altar_kikubaaqudgha, serial_column_ruins,
          column_ruins_open_large, column_ruins_corridor_plus,
          column_ruins_open_large, column_ruins_grid_1
D:8:      layout_loops_ring, dpeg_oklobed_lair, basic_altar, minmay_holes,
          led_sif_pool
D:9:      layout_rooms, orc_0_dummy, serial_shops, nicolae_shop_waterfront,
          uniq_harold
D:10:     layout_irregular_city, enter_bailey_3, uniq_maggie
D:11:     layout_cave_pods
D:12:     layout_grid_maze, basic_altar, minmay_the_grid_2x2
          [minmay_the_grid_fan, minmay_the_grid_tree, minmay_the_grid_embedded,
          minmay_the_grid_prize_inner_circle]
D:13:     layout_loops_cross, ebering_ghost_rock_garden, uniq_sonja,
          uniq_rupert, uniq_frances, uniq_jorgrun
D:14:     layout_cave_pools, grunt_vaults_entry_fortified,
          minmay_staircase_statues_hall_large
D:15:     gammafunk_depths_entry_grave, layout_loops_cross, minivault_11,
          uniq_roxanne
Temple:   minmay_temple_bridge_abc
Lair:1:   minmay_guarded_unrand_snakebite, layout_cellular_growth, basic_altar,
          fungi_pond_lemuel, worms_lemuel, grunt_megastairs_1
Lair:2:   layout_chaotic_city, nicolae_swamp_entry_splash_gauntlet,
          minivault_26, uniq_urug
Lair:3:   layout_gridlike, spider_nest_entry_rubble, hibernation_bobbens,
          serial_bayou_shore_b
Lair:4:   layout_cave_pods, nicolae_volcano_entry_lava_flow
Lair:5:   layout_loops_ring, hangedman_lair_unloving_vines,
          chequers_serial_rivers_marsh, chequers_serial_rivers_micro_c,
          nicolae_quartered_pool_super, serial_bayou_shore_b, grunt_megastairs_3
Lair:6:   guppyfry_lair_end_dragon, layout_cave_pods, hangedman_lair_in_review,
          slime_dummy, serial_forest, infiniplex_forest_straight_3,
          infiniplex_forest_straight_3, infiniplex_forest_clump_curved,
          infiniplex_forest_clump_medium, infiniplex_forest_clump_double,
          gammafunk_ghost_ooze, small_statue_intersection
Swamp:1:  layout_basic_swamp, evilmike_swamp_ruin_house_4, swamp_pool1,
          hangedman_swamp_wriggling, infiniplex_staircase_pool_2
Swamp:2:  layout_basic_swamp, evilmike_swamp_ruin_house_5
Swamp:3:  layout_basic_swamp, lemuel_altar_in_water
Swamp:4:  swamp_old_school, layout_basic_swamp, swamp_pool1
Spider:1: layout_spider_delve, nicolae_spider_nook, uniq_nikola
Spider:2: layout_chambers, uniq_arachne
Spider:3: layout_spider_delve
Spider:4: spider_rune_water, zaba_anthell
Orc:1:    cheibrodos_orc_arena, layout_caves
Orc:2:    st_orc_town, layout_caves, serial_shops, shop

Skill      XL: |  1  2  3  4  5  6  7  8  9 10 11 12 13 14 15 16 17 |
---------------+----------------------------------------------------+-----
Dodging        | 1 2 3 5 6 7 8 9 |  9.1
Armour         | 4 5 6 7 8 9 10 11 12 13 14 | 14.9
Fighting       | 4 5 6 7 8 9 11 12 13 14 | 14.7
Shields        | 4 5 6 7 8 9 10 11 12 13 14 16 | 16.8
Long Blades    | 3 4 6 7 9 10 11 13 14 15 16 | 16.6
Throwing       | 1 2 4 5 6 7 9 10 11 13 | 13.1
Invocations    | 2 4 6 7 9 10 12 13 | 13.5
Short Blades   | 1 |  1.0
Stealth        | |  0.4
Evocations     | |  0.5

Action                   |  1- 3 |  4- 6 |  7- 9 | 10-12 | 13-15 | 16-18 || total
-------------------------+-------+-------+-------+-------+-------+-------++-------
Melee: Long sword        |    94 |   181 |   401 |    34 |       |       ||   710
       Headbutt          |    17 |    24 |   100 |    77 |   195 |   228 ||   641
       Scimitar          |       |       |       |   361 |   908 |  1074 ||  2343
       Rapier            |       |       |       |     6 |       |       ||     6
Throw: Stone             |    20 |    95 |    11 |       |       |       ||   126
       Boomerang         |       |       |    52 |   144 |   286 |   355 ||   837
       Dart              |       |       |       |       |     8 |       ||     8
Invok: Divine Shield     |       |       |     2 |       |     9 |     7 ||    18
       Summon Divine War |       |       |       |       |     4 |     1 ||     5
       Cleansing Flame   |       |       |       |       |     3 |     9 ||    12
Evoke: Wand              |       |       |     2 |       |     4 |    10 ||    16
  Use: Scroll            |     4 |     6 |    13 |     6 |     6 |     2 ||    37
       Potion            |       |       |     1 |     2 |     3 |    11 ||    17
Armor: Scale mail        |    46 |    58 |    48 |       |       |       ||   152
       Chain mail        |       |       |    70 |    87 |    34 |       ||   191
       Plate armour      |       |       |       |       |   142 |   491 ||   633
Dodge: Dodged            |    32 |    41 |   141 |    90 |   208 |   414 ||   926
Block: Kite shield       |    49 |   104 |   271 |   232 |   534 |  1253 ||  2443
       Reflection        |       |       |       |       |       |     5 ||     5
       Rpst.: Long sword |     8 |    13 |    50 |     2 |       |       ||    73
       Scimitar          |       |       |       |    16 |    60 |    66 ||   142
